AoeStats
← Tanana

Lombardia

509395605Analyzed
4v4 RM · 5d ago on Sep 26, 2026· 62m 26s· 8 players
Game mode
Random Map
Map size
Large (8 player)
Population
200
Speed
Normal
Resources
Standard
Victory
Conquest
Starting age
Dark Age
Ending age
Imperial Age
RankedLock teamsTeams togetherTeam positionsShared explorationLock speedFull tech treeHidden civsTurbo modeCheats
Victory
Defeat
🇩🇪 Berbers · Germany
1391
+15
🇩🇪 Ethiopians · Germany
1342
+17
🇩🇪 Magyars · Germany
1342
+17
🇩🇪 Koreans · Germany
1340
+17
🇬🇧 Ethiopians · United Kingdom
1399
-17
🇳🇱 Burmese · Netherlands
1374
-16
🇳🇱 Varangians · Netherlands
1373
-17
🇬🇧 Japanese · United Kingdom
1348
-16
Zilvervloot
8:38 Loom
11:05 Feudal Age
11:31 Horse Collar
21:04 Castle Age
20:17 Gold Mining
20:21 Stone Mining
22:35 Heavy Plow
23:59 Wheelbarrow
25:35 Hand Cart
26:17 Fervor
27:40 Gold Shaft Mining
27:29 Scale Barding Armor
27:36 Bloodlines
28:17 Husbandry
28:40 Chain Barding Armor
30:40 Forging
31:59 Town Watch
36:20 Imperial Age
34:54 Manipur Cavalry
36:26 Elite Battle Elephant
37:08 Howdah
38:16 Plate Barding Armor
38:17 Iron Casting
44:26 Caravan
44:06 Light Cavalry
48:53 Conscription
LuG_
7:20 Loom
9:47 Feudal Age
10:25 Double-Bit Axe
13:47 Wheelbarrow
20:10 Castle Age
18:20 Fletching
19:22 Padded Archer Armor
19:24 Gold Mining
20:46 Bodkin Arrow
20:14 Crossbowman
21:19 Bow Saw
22:32 Hand Cart
36:06 Imperial Age
34:39 Gold Shaft Mining
34:37 Ballistics
35:27 Leather Archer Armor
36:38 Stone Mining
37:07 Bracer
38:11 Chemistry
37:29 Thumb Ring
37:33 Arbalester
41:50 Torsion Engines
44:33 Caravan
45:10 Conscription
45:16 Siege Engineers
46:21 Two-Man Saw
51:46 Masonry
Hidemypond
10:51 Feudal Age
11:14 Loom
12:53 Double-Bit Axe
15:40 Castle Age
17:18 Padded Archer Armor
20:25 Fletching
25:25 Bodkin Arrow
26:39 Bow Saw
27:06 Gold Mining
27:34 Horse Collar
29:49 Thumb Ring
31:54 Gold Shaft Mining
34:25 Leather Archer Armor
35:13 Wheelbarrow
34:25 Town Watch
35:15 Heavy Plow
36:13 Ballistics
40:33 Imperial Age
41:46 Parthian Tactics
41:24 Bracer
41:55 Ring Archer Armor
41:56 Heavy Cavalry Archer
44:19 Chemistry
48:05 Pikeman
48:57 Forging
48:48 Scale Mail Armor
49:33 Halberdier
50:14 Squires
49:59 Arson
52:18 Iron Casting
51:58 Chain Mail Armor
53:58 Conscription
53:32 Elite Skirmisher
CallMePinda
11:25 Feudal Age
15:45 Castle Age
14:52 Double-Bit Axe
16:52 Bow Saw
16:57 Horse Collar
24:27 Heavy Plow
24:53 Loom
26:54 Gold Mining
27:26 Squires
28:50 Wheelbarrow
29:09 Scale Mail Armor
29:19 Forging
29:23 Squires
33:06 Imperial Age
32:08 Chain Mail Armor
32:28 Iron Casting
32:49 Hand Cart
32:24 Arson
32:53 Fortified Wall
33:29 Elite Varangian Guard
33:30 Gothikon
34:39 Conscription
34:09 Gambesons
36:17 Plate Mail Armor
36:47 Blast Furnace
36:19 Caravan
37:24 Blast Furnace
36:57 Masonry
37:28 Ballistics
37:16 Siege Engineers
37:05 Fletching
39:35 Chemistry
38:20 Capped Ram
39:22 Siege Ram
42:11 Town Watch
50:45 Bodkin Arrow
51:07 Pikeman
55:06 Bracer
55:06 Padded Archer Armor
54:48 Elite Skirmisher
57:55 Leather Archer Armor
60:57 Crossbowman
Fürst Zono
6:25 Loom
8:38 Feudal Age
10:02 Double-Bit Axe
13:40 Wheelbarrow
14:24 Horse Collar
20:39 Castle Age
21:43 Bow Saw
22:17 Heavy Plow
26:36 Hand Cart
27:29 Stone Mining
27:31 Gold Mining
31:46 Imperial Age
29:23 Town Watch
29:43 Fletching
30:12 Bloodlines
30:02 Husbandry
31:02 Gold Shaft Mining
30:48 Bodkin Arrow
30:54 Padded Archer Armor
31:29 Coinage
32:34 Leather Archer Armor
32:42 Ballistics
32:28 Bracer
33:30 Chemistry
33:33 Conscription
33:45 Banking
35:30 Thumb Ring
35:44 Leather Archer Armor
36:41 Scale Barding Armor
36:46 Forging
37:10 Ring Archer Armor
36:46 Scale Barding Armor
36:52 Forging
36:50 Caravan
36:55 Elite Camel Archer
37:37 Maghrebi Camels
37:56 Light Cavalry
40:48 Stone Shaft Mining
41:48 Iron Casting
41:35 Chain Barding Armor
42:08 Hussar
43:09 Kasbah
44:36 Masonry
44:31 Siege Engineers
45:50 Plate Barding Armor
46:16 Blast Furnace
52:14 Fortified Wall
I still hate Goths
5:58 Loom
8:59 Feudal Age
9:32 Double-Bit Axe
12:38 Horse Collar
20:43 Castle Age
19:17 Scale Barding Armor
19:48 Bloodlines
19:58 Gold Mining
21:44 Chain Barding Armor
21:26 Husbandry
34:13 Wheelbarrow
36:40 Imperial Age
33:42 Light Cavalry
34:51 Fletching
35:18 Bow Saw
38:10 Plate Barding Armor
37:01 Cavalier
38:33 Paladin
47:12 Caravan
49:27 Conscription
49:20 Bodkin Arrow
50:14 Bracer
53:41 Hussar
55:56 Two-Man Saw
55:01 Heavy Plow
Tanana
5:21 Loom
10:50 Feudal Age
15:21 Castle Age
13:25 Double-Bit Axe
15:03 Horse Collar
18:00 Fletching
19:05 Crossbowman
20:08 Bow Saw
21:16 Heavy Plow
22:02 Wheelbarrow
21:49 Padded Archer Armor
26:39 Thumb Ring
27:12 Bodkin Arrow
27:47 Ballistics
29:13 Leather Archer Armor
33:25 Squires
33:26 Scale Mail Armor
34:15 Forging
37:00 Imperial Age
35:41 Chain Mail Armor
36:01 Iron Casting
37:03 Arbalester
37:42 Gold Mining
39:15 Chemistry
38:33 Bracer
38:29 Halberdier
41:07 Plate Mail Armor
41:38 Blast Furnace
42:24 Ring Archer Armor
41:33 Elite Skirmisher
50:23 Caravan
53:24 Siege Engineers
I still love Koreans
8:19 Loom
10:04 Feudal Age
14:26 Castle Age
14:02 Double-Bit Axe
15:31 Wheelbarrow
15:09 Horse Collar
21:42 Town Watch
21:55 Fletching
27:16 Husbandry
28:24 Ballistics
28:36 Bodkin Arrow
30:23 Bow Saw
30:44 Bow Saw
33:49 Imperial Age
31:41 Gold Mining
31:41 Stone Mining
33:20 Hand Cart
33:44 Thumb Ring
34:33 Bracer
34:52 Elite War Wagon
36:04 Heavy Plow
38:20 Chemistry
38:13 Conscription
39:42 Two-Man Saw
39:47 Scale Barding Armor
39:53 Forging
40:01 Forging
39:51 Scale Mail Armor
40:00 Squires
39:20 Man-at-Arms
41:13 Gold Shaft Mining
41:05 Caravan
42:04 Eupseong
42:28 Fortified Wall
42:58 Coinage
42:20 Long Swordsman
43:36 Two-Handed Swordsman
45:01 Masonry
44:40 Arrowslits
46:40 Iron Casting
47:07 Murder Holes
47:22 Masonry
47:14 Champion
47:56 Capped Ram
49:12 Elite Fire Lancer
50:09 Chain Mail Armor
52:11 Shinkichon
51:42 Arson
53:44 Siege Engineers
54:10 Architecture
53:21 Treadmill Crane
55:45 Banking
55:03 Heavy Rocket Cart
56:19 Pikeman
58:49 Halberdier
60:04 Plate Mail Armor
59:40 Scale Barding Armor
60:43 Light Cavalry
61:18 Hussar
62:21 Chain Barding Armor
Connection lost

Rejoining the realm…

Still unreachable

The connection could not be restored.

Session expired

The server has moved on; the page needs a fresh start.